 Dungeon Crawl Stone Soup version 0.22-a0-161-g198051cff3 (console) character file.

158 Muffindrake the Covert (level 5, 0/38 HPs)
             Began as a Vampire Assassin on Feb 11, 2018.
             Succumbed to a worker ant's poison
             ... on level 4 of the Dungeon.
             The game lasted 00:18:24 (2967 turns).

Muffindrake the Covert (Vampire Assassin)           Turns: 2967, Time: 00:18:25

Health: 0/38       AC:  7    Str: 10    XL:     5   Next: 16%
Magic:  5/5        EV: 10    Int: 14    God:
Gold:   221        SH:  0    Dex: 16    Spells: 4/4 levels left

rFire    . . .     SeeInvis +   a - +2 dagger
rCold    . . .     Gourm    .   (no shield)
rNeg     + . .     Faith    .   c - +2 robe
rPois    .         Spirit   .   k - +0 helmet
rElec    .         Reflect  .   d - +0 cloak
rCorr    .         Harm     .   (no gloves)
MR       .....                  l - +0 pair of boots
Stlth    ++++......             (no amulet)
HPRegen  0.12/turn              n - -2 ring of evasion (curse)
MPRegen  0.09/turn              j - ring of wizardry

@: lethally poisoned (0 -> -9)
A: fangs 3, see invisible, unbreathing
a: Bat Form


You were on level 4 of the Dungeon.
You were not thirsty.

You visited 1 branch of the dungeon, and saw 4 of its levels.

You collected 221 gold pieces.

Inventory:

Hand Weapons
 a - a +2 dagger (weapon)
 p - a +0 blowgun
Missiles
 e - 6 poisoned needles (quivered)
 f - 2 curare-tipped needles
 s - 3 tomahawks
Armour
 c - a +2 robe (worn)
 d - a +0 cloak (worn)
 k - a +0 helmet (worn)
 l - a +0 pair of boots (worn)
Jewellery
 j - a ring of wizardry (right hand)
 n - a cursed -2 ring of evasion (left hand)
 r - a cursed -2 ring of dexterity {unknown}
Scrolls
 i - 4 scrolls of identify
 m - 3 scrolls of teleportation
Potions
 b - a potion of flight
 g - 16 potions of blood
 q - a potion of heal wounds
Books
 o - a book of Minor Magic

   Spells                             Type                      Level
   a - Magic Dart                     Conjuration                  1
   b - Blink                          Translocation                2
   c - Call Imp                       Summoning                    2
   d - Slow                           Hexes                        2
   e - Conjure Flame                  Conjuration/Fire             3
   f - Mephitic Cloud                 Conjuration/Poison/Air       3


   Skills:
 + Level 2.3 Fighting
 * Level 3.4 Short Blades
 + Level 1.6 Throwing
 * Level 1.9 Dodging
 * Level 8.3 Stealth


You had 4 spell levels left.
You didn't know any spells.

Dungeon Overview and Level Annotations

Branches:
Dungeon (4/15)
 Temple: D:4-7

Altars:
Gozag
Hepliaklqana
Sif Muna
Vehumet


Innate Abilities, Weirdness & Mutations

You have razor-sharp teeth.
You have supernaturally acute eyesight. (SInv)
You can survive without breathing.


Message History

You hit the worker ant but do no damage.
The worker ant is heavily wounded.
* * * LOW HITPOINT WARNING * * *
You feel sick. The worker ant barely misses you.
You hit the worker ant but do no damage.
The worker ant is heavily wounded.
* * * LOW HITPOINT WARNING * * *
You feel sick. The worker ant misses you.
You hit the worker ant but do no damage.
The worker ant is heavily wounded.
* * * LOW HITPOINT WARNING * * *
You feel sick. The worker ant barely misses you.
You hit the worker ant.
The worker ant is heavily wounded.
* * * LOW HITPOINT WARNING * * *
You feel sick. The worker ant bites you.
* * * LOW HITPOINT WARNING * * *
You hit the worker ant.
The worker ant is severely wounded.
You die...

##.# ### #.# #..# #.#
#.## #.# ##
###.############.###...#
.....................#
........########.###...#
###.###^.... #.# # #.#
####### #.# #.# .....
#.# #.# .(.... #.# #.#
.)..(.##@# #.#
...a...#a# .(.....(.#
......##.# #..#. ##.# .
.. ## .. #. #


You could see a worker ant.

Vanquished Creatures
  A worker ant (D:3)
  Robin (D:1)
  4 adders
  2 worms
  3 leopard geckos
  2 orcs (D:3)
  7 bats
  4 giant cockroaches
  9 goblins
  17 hobgoblins
  3 jackals (D:1)
  5 kobolds
  A quokka (D:3)
  4 frilled lizards
  8 rats
71 creatures vanquished.

Notes
Turn   | Place    | Note
-------+----------+-------------------------------------------
     0 | D:1      | Muffindrake the Vampire Assassin began the quest for the Orb.
     0 | D:1      | Reached XP level 1. HP: 16/16 MP: 1/1
    21 | D:1      | Reached skill level 6 in Stealth
   143 | D:1      | Reached XP level 2. HP: 22/22 MP: 2/2
   491 | D:1      | Reached skill level 7 in Stealth
   548 | D:1      | Reached XP level 3. HP: 20/27 MP: 3/3
   756 | D:2      | Noticed Robin
   775 | D:1      | Killed Robin
  1126 | D:2      | Found a radiant altar of Vehumet.
  1141 | D:2      | Found an opulent altar of Gozag.
  1162 | D:2      | Reached XP level 4. HP: 30/33 MP: 4/4
  1757 | D:3      | Reached skill level 8 in Stealth
  2175 | D:3      | Reached XP level 5. HP: 38/38 MP: 5/5
  2386 | D:3      | Found a deep blue altar of Sif Muna.
  2534 | D:3      | Found a hazy altar of Hepliaklqana.
  2966 | D:4      | HP: 1/38 [worker ant (3)]
  2967 | D:4      | Succumbed to a worker ant's poison

Vault maps used:
D:1:      lemuel_arrival_behind_the_door_large
D:2:      vehumet_crystals, lemuel_crystal_altar, uniq_robin
D:3:      marbit_many_paths, first_ration, lemuel_blue_sif_altar
D:4:      xom_teletrap_fun

Skill      XL: |  1  2  3  4 |
---------------+-------------+-----
Stealth        | 6 7 8 |  8.3
Fighting       | 2 |  2.3
Short Blades   | 3 |  3.4
Throwing       | |  1.6
Dodging        | |  1.9

Action                   |  1- 3 |  4- 6 || total
-------------------------+-------+-------++-------
Melee: Dagger            |   109 |   116 ||   225
       Bite              |     5 |    10 ||    15
 Fire: Blowgun           |       |    22 ||    22
  Use: Scroll            |     2 |     5 ||     7
       Potion            |     5 |     8 ||    13
 Stab: Sleeping          |    14 |     8 ||    22
       Paralysed         |       |     1 ||     1
Armor: Robe              |    16 |    24 ||    40
Dodge: Dodged            |    52 |    56 ||   108

Table legend:
 A = Spawn XP
 B = Non-spawn XP
 C = Spawn XP percentage of total XP
 D = Spawn monster count
 E = Non-spawn monster count
 F = Spawn count percentage of total count
 G = Total turns spent on level
                    A         B        C        D         E        F      G
               +---------+---------+-------+---------+---------+-------+---------
         Total |       0 |     227 |   0.0 |       0 |      71 |   0.0 |  2967
               +---------+---------+-------+---------+---------+-------+---------
           D:1 |       0 |      58 |   0.0 |       0 |      27 |   0.0 |   966
           D:2 |       0 |      57 |   0.0 |       0 |      23 |   0.0 |   685
           D:3 |       0 |      98 |   0.0 |       0 |      20 |   0.0 |  1235
           D:4 |       0 |      14 |   0.0 |       0 |       1 |   0.0 |    81
               +---------+---------+-------+---------+---------+-------+---------
